 Dungeon Crawl Stone Soup version 0.20-a0-210-gd6c29eb (webtiles) character file.

1305 KristoblXynda the Chucker (level 8, 0/61 HPs)
             Began as a White Draconian Hunter on Nov 26, 2016.
             Was a Follower of Okawaru.
             Killed from afar by an electric eel (13 damage)
             ... with a bolt of electricity
             ... on level 6 of the Dungeon.
             The game lasted 00:15:13 (7345 turns).

KristoblXynda the Chucker (White Draconian Hunter)  Turns: 7345, Time: 00:15:14

Health: 0/61       AC:  9    Str: 15    XL:     8   Next: 31%
Magic:  19/19      EV: 21    Int: 13    God:    Okawaru [*.....]
Gold:   316        SH:  0    Dex: 17    Spells: 7/7 levels left

rFire  . . .     SeeInvis .     l - +1 dagger (speed)
rCold  + + .     Gourm    +     (armour unavailable)
rNeg   . . .     Faith    .     (no shield)
rPois  .         Spirit   .     (helmet restricted)
rElec  .         Reflect  .     (no cloak)
rCorr  .         Harm     .     f - +0 pair of gloves
MR     .....                    o - +1 pair of boots
Stlth  +++.......               q - amulet of the gourmand
                                p - ring of magical power
                                a - ring of protection from cold

@: agile
A: breathe frost, unfitting armour, cold resistance 1, cold-blooded, AC +6
a: Breathe Frost, Heroism, Renounce Religion


You were on level 6 of the Dungeon.
You worshipped Okawaru.
Okawaru was aware of your devotion.
You were very full.

You visited 2 branches of the dungeon, and saw 7 of its levels.
You also visited: Sewer.

You collected 316 gold pieces.

Inventory:

Hand Weapons
 e - a cursed -2 broad axe
 l - a +1 dagger of speed (weapon)
Missiles
 b - 6 javelins (quivered)
 w - a throwing net
Armour
 f - a +0 pair of gloves (worn)
 o - a +1 pair of boots (worn)
Jewellery
 a - a ring of protection from cold (left hand)
 p - a ring of magical power (right hand)
 q - an amulet of the gourmand (around neck)
Scrolls
 h - 4 scrolls of teleportation
 i - 2 scrolls of fear
 j - 3 scrolls of remove curse
 u - a scroll of immolation
Potions
 g - a potion of beneficial mutation {unknown}
 k - a potion of berserk rage {unknown}
 m - 2 potions of might
 s - 2 potions of brilliance
 x - a potion of agility
Comestibles
 c - 3 meat rations
 d - 3 bread rations
 n - 7 fruits
 t - 2 slices of pizza
 v - 3 beef jerkies


   Skills:
 - Level 2.1 Fighting
 - Level 4.0 Short Blades
 + Level 6.5 Throwing
 + Level 5.8 Dodging
 - Level 0.8 Stealth
 + Level 3.4 Invocations


You had 7 spell levels left.
You didn't know any spells.

Dungeon Overview and Level Annotations

Branches:
Dungeon (6/15)             Temple (1/1) D:4

Altars:
Ashenzari
Cheibriados
Dithmenos
Fedhas
Gozag
Hepliaklqana
Kikubaaqudgha
Makhleb
Okawaru
Qazlal
Ru
Sif Muna
Trog
Uskayaw
Vehumet
Xom
Yredelemnul
Zin
The Shining One


Innate Abilities, Weirdness & Mutations

You can breathe waves of freezing cold.
You can buffet flying creatures when you breathe cold.
Your icy white scales are hard. (AC +6)
You cannot fit into any form of body armour.
Your flesh is cold resistant. (rC+)
You are cold-blooded and may be slowed by cold attacks.


Message History

* * * LOW HITPOINT WARNING * * *
You hit the electric eel.
The electric eel is severely wounded.
You feel much better.
You closely miss the electric eel.
The electric eel is severely wounded.
You hit the electric eel but do no damage.
The electric eel is severely wounded.
You hit the electric eel.
The electric eel is almost dead.
The electric eel shoots out a bolt of lightning at you!
The bolt of electricity hits you!
* * * LOW HITPOINT WARNING * * *
You closely miss the electric eel.
The electric eel is almost dead.
You miss the electric eel.
The electric eel is almost dead.
The electric eel shoots out a bolt of lightning at you!
The bolt of electricity hits you!
You die...

#.#####.####(###########.####
#.# #.# ##..........##.#
#####.# #.# #...####..#.##.#
......# #.###...##≈≈≈≈;≈≈≈≈#
# .####.# ##.#...(..≈≈# ##≈≈
# .# #.# #........≈≈## ##≈ #
.# #.# #.......≈≈## # # .#
#.####..(...(≈## # .#
#.....(.....@;# #≈# .#
#.####.....>#≈# #≈# .####.#
#.!.$..#≈# #≈# ......#
#.##.###≈# #≈. .###### #.##.#
#≈# #≈# .# #.##.# ≈# ##≈#
.####### #(##.# ≈≈ ##≈≈#
........ ..##.. (≈ ##≈≈..
######## #####≈≈..#


You could see an electric eel.

Vanquished Creatures
  Grinder (D:4)
  An orc warrior (D:4)
  A necrophage (D:6)
  2 phantoms
  Blork the orc (D:4)
  A howler monkey (D:6)
  3 crimson imps
  2 hounds (D:4)
  3 orc priests
  An iguana (D:5)
  2 orc wizards
  2 hound skeletons
  5 gnolls
  11 adders
  2 river rats (Sewer)
  A shadow imp (D:6)
  An ooze (D:5)
  An adder zombie (D:5)
  An adder skeleton (D:4)
  2 worms
  A dart slug (D:1)
  A leopard gecko (D:5)
  13 orcs
  7 ball pythons
  5 giant cockroaches
  8 goblins
  8 hobgoblins
  2 jackals (D:1)
  A quokka (D:3)
  6 bats (D:1)
  9 frilled lizards
  5 kobolds
  2 leopard gecko skeletons
  A quokka skeleton (D:4)
  12 rats
125 creatures vanquished.

Vanquished Creatures (others)
  A ball python (D:6)
1 creature vanquished.

Grand Total: 126 creatures vanquished

Notes
Turn   | Place    | Note
-------+----------+-------------------------------------------
     0 | D:1      | KristoblXynda the Draconian Hunter began the quest for the Orb.
     0 | D:1      | Reached XP level 1. HP: 17/17 MP: 1/1
   163 | D:1      | Reached XP level 2. HP: 24/24 MP: 2/2
   524 | D:1      | Reached skill level 4 in Throwing
   661 | D:1      | Reached XP level 3. HP: 8/29 MP: 3/3
  1809 | D:3      | Found a glowing drain.
  1826 | D:3      | Reached XP level 4. HP: 11/36 MP: 4/4
  1914 | Sewer    | Entered a sewer
  3301 | D:3      | Found a hazy altar of Hepliaklqana.
  3433 | D:3      | Found a stormy altar of Qazlal.
  3504 | D:3      | Reached skill level 1 in Short Blades
  3555 | D:4      | Reached XP level 5. HP: 32/41 MP: 5/5
  3846 | D:4      | Noticed an orc warrior
  4150 | D:4      | Noticed Grinder
  4160 | D:4      | Killed Grinder
  4160 | D:4      | Reached skill level 5 in Throwing
  4160 | D:4      | Reached XP level 6. HP: 34/48 MP: 6/6
  4185 | D:4      | Noticed Blork the orc
  4205 | D:4      | Killed Blork the orc
  4214 | D:4      | Your scales start taking on an icy white colour.
  4214 | D:4      | Reached XP level 7. HP: 34/55 MP: 7/7
  4214 | D:4      | Gained mutation: Your flesh is cold resistant. (rC+) [White Draconian growth]
  4365 | D:4      | Found a staircase to the Ecumenical Temple.
  4385 | Temple   | Entered the Ecumenical Temple
  4490 | Temple   | Became a worshipper of Warmaster Okawaru
  4808 | D:4      | HP: 1/55 [orc/club (6)]
  5350 | D:4      | Reached skill level 6 in Throwing
  5534 | D:5      | Entered Level 5 of the Dungeon
  5536 | D:5      | Reached skill level 5 in Dodging
  5589 | D:5      | Reached skill level 1 in Invocations
  6391 | D:5      | Reached XP level 8. HP: 61/61 MP: 9/9
  7101 | D:6      | Reached * piety under Okawaru
  7338 | D:6      | HP: 2/59 [electric eel/bolt of electricity (15)]
  7345 | D:6      | Killed from afar by an electric eel

Vault maps used:
D:1:      dpeg_arrival_tiny_g
D:2:      minmay_wonky_spiral
D:3:      lemuel_doored_altar, first_bread, portal_sewer_entry_d, minivault_26,
          hangedman_glass_garden, grunt_qazlal_clouds
D:4:      uniq_grinder, uniq_blork_the_orc
D:6:      water_maze_lemuel
Temple:   dpeg_five_rooms_temple
Sewer:    sewer_co_cracked_pipes

Skill      XL: |  1  2  3  4  5  6  7  8 |
---------------+-------------------------+-----
Dodging        | 2 3 4 5 |  5.8
Throwing       | 4 5 6 |  6.5
Short Blades   | 1 3 4 |  4.0
Invocations    | 2 3 |  3.4
Fighting       | |  2.1
Stealth        | |  0.8

Action                   |  1- 3 |  4- 6 |  7- 9 || total
-------------------------+-------+-------+-------++-------
Melee: Short sword       |    30 |       |       ||    30
       Tailslap          |    18 |    38 |    51 ||   107
       Dagger            |   160 |   233 |   398 ||   791
Throw: Javelin           |       |     5 |    22 ||    27
       Throwing net      |       |       |     3 ||     3
 Abil: Breathe Frost     |       |       |     1 ||     1
  Use: Scroll            |    10 |     4 |     2 ||    16
       Potion            |     1 |     2 |     4 ||     7
 Stab: Sleeping          |     4 |     2 |       ||     6
       Held in net/web   |       |       |     2 ||     2
       Distracted        |       |       |     1 ||     1
  Eat: Chunk             |    12 |     9 |    10 ||    31
Armor: Skin              |    44 |    48 |    48 ||   140
Dodge: Dodged            |   133 |   133 |   129 ||   395
